 Dungeon Crawl Stone Soup version 0.30-a0-476-g330ca2eb8e (webtiles) character file.

Game seed: 704181799347301716

98 polve the Cutter (level 4, 0/35 HPs)
             Began as a Demonspawn Gladiator on Dec 16, 2022.
             Slain by Sigmund
             ... wielding a +0 scythe
              (2 damage)
             ... on level 3 of the Dungeon on Dec 21, 2022.
             The game lasted 00:05:09 (2095 turns).

polve the Cutter (Demonspawn Gladiator)             Turns: 2095, Time: 00:05:10

Health: 0/35       AC:  5    Str: 17    XL:     4   Next: 44%
Magic:  4/4        EV: 12    Int:  9    God:
Gold:   89         SH:  0    Dex: 14    Spells: 3/3 levels left

rFire   . . .      SeeInvis .    a - +0 rapier
rCold   . . .      Faith    .    (no shield)
rNeg    . . .      Spirit   .    b - +0 leather armour
rPois   .          Reflect  .    (helmet restricted)
rElec   .          Harm     .    i - +0 cloak
rCorr   .          Rampage  .    (no gloves)
Will    .....                    (no boots)
Stlth   +.........               (no amulet)
HPRegen 0.25/turn                (no ring)
MPRegen 0.09/turn                (no ring)

@: on berserk cooldown, slowed, very slow
A: antennae 1, demonic guardian 1, sharp scales 1
a: no special abilities


You were on level 3 of the Dungeon.
You visited 1 branch of the dungeon, and saw 3 of its levels.

You collected 89 gold pieces.

Inventory:

Hand Weapons
 a - a +0 rapier (weapon)
Missiles
 d - 3 throwing nets (quivered)
 e - a javelin
Armour
 b - a +0 leather armour (worn)
 c - a +0 helmet
 i - a +0 cloak (worn)
Jewellery
 f - a ring of protection from cold
 l - a ring of protection from cold
Scrolls
 j - a scroll of teleportation {unknown}
 m - a scroll of summoning {unknown}
 n - 2 scrolls of identify {unknown}
 o - 2 scrolls of noise {unknown}
 p - a scroll of enchant weapon {unknown}
 r - a scroll of magic mapping {unknown}
Potions
 h - a potion of heal wounds {unknown}
 q - a potion of attraction {unknown}


   Skills:
 + Level 3.5 Fighting
 - Level 4.0 Short Blades
 - Level 1.7 Throwing
 - Level 2.6 Dodging


You had 3 spell levels left.
You didn't know any spells.
Your spell library contained the following spells:

 Spells                   Type           Power      Damage    Failure   Level
 Ozocubu's Armour         Ice            0%         N/A       83%         3
 Ozocubu's Refrigeration  Ice            0%         4d7       100%        7


Dungeon Overview and Level Annotations

Branches:
Dungeon (3/15)

Altars:

Annotations:
D:3 Sigmund


Innate Abilities, Weirdness & Mutations

You have a pair of small antennae on your head.
A weak demonic guardian rushes to your aid.
You are partially covered in razor-sharp scales. (AC +1, Slay +1)


Message History

Something hits you.
You feel less wooden.
Your +0 cloak unmelds from your body.
Your +0 leather armour unmelds from your body.
Something hits you!
* * * LOW HITPOINT WARNING * * *
A demonic guardian appears!
Something hits your iron imp but does no damage.
Really attack while wielding nothing? [Y]es or [N]o only, please.
Really attack while wielding nothing? [Y]es or [N]o only, please.
Really attack while wielding nothing?
Okay, then.
Your iron imp hits Sigmund.
Sigmund closely misses your iron imp.
Your iron imp hits Sigmund!
a - a +0 rapier (weapon)
It was a potion of berserk rage.
A red film seems to cover your vision as you go berserk!
You feel yourself moving faster!
You feel mighty!
You feel a strong urge to attack something.
You feel your anger nearly subside.
You are no longer berserk.
You are exhausted.
You feel yourself slow down.
Your iron imp disappears in a puff of smoke!
Sigmund hits you from afar with a +0 scythe.
* * * LOW HITPOINT WARNING * * *
Sigmund barely misses you.
Your shadow imp hits Sigmund.
You closely miss Sigmund.
Sigmund is heavily wounded.
Your shadow imp barely misses Sigmund.
Sigmund hits you but does no damage.
You hit Sigmund.
Sigmund is severely wounded.
Your shadow imp disappears in a puff of smoke!
Sigmund hits you with a +0 scythe!
* * * LOW HITPOINT WARNING * * *
You hit Sigmund but do no damage.
Sigmund is severely wounded.
Sigmund hits you with a +0 scythe.
You die...

#. #. #. #.
#########.#
####.####@.[.......
#.......@ยง#####....
#.##.###..######...
#.##..............
#.######..#######.
#.# #..#
#<######..######
#...............
################


You could see Sigmund.

Vanquished Creatures
  2 adders (D:2)
  2 worms (D:2)
  A dart slug (D:2)
  4 endoplasms
  A giant cockroach (D:1)
  3 goblins
  5 hobgoblins
  2 quokkas
  7 ball pythons
  4 bats (D:2)
  4 frilled lizards
  6 kobolds
  4 rats
45 creatures vanquished.

Vanquished Creatures (collateral kills)
  Jessica (D:2)
  A rat (D:2)
2 creatures vanquished.

Grand Total: 47 creatures vanquished

Notes
Turn   | Place    | Note
-------+----------+-------------------------------------------
     0 | D:1      | polve the Demonspawn Gladiator began the quest for the Orb.
     0 | D:1      | Reached XP level 1. HP: 16/16 MP: 1/1
   266 | D:1      | Reached skill level 3 in Short Blades
   483 | D:1      | Gained mutation: A weak demonic guardian rushes to your
                  | aid. [demonic ancestry]
   483 | D:1      | Reached XP level 2. HP: 17/22 MP: 2/2
   615 | D:1      | Upgraded the game from 0.30-a0-462-gd5975efbca to
                  | 0.30-a0-469-g84de5afbc5
   892 | D:2      | Noticed Jessica
   934 | D:2      | Gained mutation: You are partially covered in razor-sharp
                  | scales. (AC +1, Slay +1) [demonic ancestry]
   934 | D:2      | Reached XP level 3. HP: 21/27 MP: 3/3
  1062 | D:2      | Killed Jessica
  1063 | D:2      | Reached skill level 4 in Short Blades
  1063 | D:2      | Upgraded the game from 0.30-a0-469-g84de5afbc5 to
                  | 0.30-a0-476-g330ca2eb8e
  1388 | D:2      | Gained mutation: You have a pair of small antennae on your
                  | head. [demonic ancestry]
  1388 | D:2      | Reached XP level 4. HP: 29/35 MP: 4/4
  2032 | D:3      | Noticed Sigmund
  2095 | D:3      | Slain by Sigmund

Illustrated notes

Levels and vault maps discovered:
D:1:      mainiacjoe_arrival_reflecting_pool, layout_loops_ring, grunt_decor_cap
D:2:      minmay_diamond_boxcup, layout_rooms, grunt_decor_one_mirror,
          uniq_jessica
D:3:      layout_loops_corners, fiery_altar_vehumet, okawaru_trees_1,
          ebering_ecumenical_altar_box, uniq_natasha, uniq_sigmund

Skill      XL: |  1  2  3 |
---------------+----------+-----
Short Blades   | 3 4 |  4.0
Fighting       | 3 |  3.5
Throwing       | |  1.7
Dodging        | |  2.6

Action                   |  1- 3 |  4- 6 || total
-------------------------+-------+-------++-------
Melee: Rapier            |   102 |    52 ||   154
       Punch             |     1 |       ||     1
       Unarmed           |       |     1 ||     1
  Use: Potion            |       |     2 ||     2
 Stab: Sleeping          |       |     3 ||     3
Armor: Leather armour    |    25 |    12 ||    37
       Skin              |       |    12 ||    12
Dodge: Dodged            |    80 |    26 ||   106

Table legend: (Time is in decaauts)
 A = Elapsed time spent in this place.
 B = Non-inter-level travel time spent in this place.
 C = Inter-level travel time spent in this place.
 D = Time resting spent in this place.
 E = Time spent auto-exploring this place.
 F = Levels seen in this place.
 G = Mean time per level.
                   A        B        C        D        E       F      G
               +--------+--------+--------+--------+--------+-----+--------+
         Total |   2096 |   2056 |     40 |      0 |   1659 |   3 |  698.7 |
       Dungeon |   2096 |   2056 |     40 |      0 |   1659 |   3 |  698.7 |
               +--------+--------+--------+--------+--------+-----+--------+

Top non-repeatable levels by time:
     D:2: 1123 daAuts
     D:1: 893 daAuts
     D:3: 80 daAuts
